 Dungeon Crawl Stone Soup version 0.20-a0-556-g892c87b (webtiles) character file.

6794 GlassEater the Basher (level 10, 0/89 (91) HPs)
             Began as a Minotaur Berserker on Feb 7, 2017.
             Was a High Priest of Trog.
             Slain by a troll (4 damage)
             ... on level 9 of the Dungeon.
             The game lasted 00:19:42 (9161 turns).

GlassEater the Basher (Minotaur Berserker)          Turns: 9161, Time: 00:19:43

HP:   0/89 (91)     AC: 15    Str: 25    XL:     10   Next: 76%
MP:   9/9           EV:  9    Int:  4    God:    Trog [*****.]
Gold: 433           SH:  9    Dex: 10    Spells: 9/9 levels left

rFire    . . .     SeeInvis .   a - +2 flail (protect)
rCold    . . .     Gourm    .   H - +0 plate armour
rNeg     . . .     Faith    .   o - +2 buckler
rPois    .         Spirit   .   (helmet restricted)
rElec    .         Reflect  +   (no cloak)
rCorr    .         Harm     .   m - +0 pair of gloves
MR       .....                  (no boots)
Stlth    ..........             B - +2 amulet of reflection
Regen    0.3/turn               (no ring)
                                (no ring)

@: exhausted, slowed, very slow
A: retaliatory headbutt, horns 2
a: Berserk, Trog's Hand, Brothers in Arms, Burn Spellbooks, Renounce Religion


You were on level 9 of the Dungeon.
You worshipped Trog.
Trog was extremely pleased with you.
You were very hungry.

You visited 1 branch of the dungeon, and saw 9 of its levels.

You collected 433 gold pieces.

Inventory:

Hand Weapons
 a - a +2 flail of protection (weapon)
 b - a +0 hunting sling
Missiles
 l - 353 stones (quivered)
 w - 54 sling bullets
Armour
 m - a +0 pair of gloves (worn)
 o - a +2 buckler (worn)
 H - a +0 plate armour (worn)
Jewellery
 B - a +2 amulet of reflection (around neck)
Wands
 E - a wand of flame (25/48)
Scrolls
 e - a scroll of enchant weapon
 p - 2 scrolls of remove curse
 q - 2 scrolls of fog
 r - 2 scrolls of noise
 s - 2 scrolls of magic mapping
 t - 2 scrolls of amnesia
 v - 2 scrolls of blinking {unknown}
 y - a scroll of immolation {unknown}
 C - a scroll of summoning {unknown}
 D - 5 scrolls of teleportation {unknown}
 F - a scroll of fear {unknown}
 G - a scroll of recharging {unknown}
 K - a scroll of identify
Potions
 d - 2 potions of haste
 h - 2 potions of agility
 i - a potion of curing {unknown}
 j - 3 potions of might
 k - a potion of lignification {unknown}
 u - a potion of magic {unknown}
 x - a potion of berserk rage {unknown}
 z - 2 potions of mutation {unknown}
 A - a potion of flight {unknown}
 I - 2 potions of ambrosia {unknown}
Comestibles
 c - 10 bread rations
 f - 5 royal jellies
 g - 5 meat rations
 n - 32 fruits
 J - 13 chunks of flesh


   Skills:
 + Level 9.0 Fighting
 + Level 12.5 Maces & Flails
 + Level 5.7 Slings
 + Level 9.2 Armour
 + Level 4.1 Dodging
 + Level 5.8 Shields


You had 9 spell levels left.
You didn't know any spells.

Dungeon Overview and Level Annotations

Branches:
Dungeon (9/15)             Temple (0/1) D:4             Orc (0/2) D:9
   Lair: D:8-11

Altars:
Gozag
Trog
Zin


Innate Abilities, Weirdness & Mutations

You reflexively headbutt those who attack you in melee.
You have a pair of horns on your head.


Message History

The orc hits you but does no damage. The gnoll sergeant closely misses you.
The troll barely misses you. The troll misses you.
You block the troll's attack. The orc hits you but does no damage.
The ogre hits you with a giant spiked club.
* * * LOW HITPOINT WARNING * * *
As you read the scroll labeled UMMAXZAKHLO, it crumbles to dust.
It is a scroll of amnesia.
You feel forgetful for a moment. The gnoll sergeant closely misses you.
The orc warrior hits you with an enchanted flail!
* * * LOW HITPOINT WARNING * * *
You block the orc's attack. You block the gnoll sergeant's attack.
The orc closely misses you. You furiously retaliate!
You headbutt the orc!
You kill the orc!
Trog accepts your kill. The troll bites you.
* * * LOW HITPOINT WARNING * * *
The troll claws you.
* * * LOW HITPOINT WARNING * * *
The troll claws you.
You die...

#.# #.# #.............#.# #.#####
#.# #..........##....
......###.##### ###........####..
..............#######............
......####.####8...8#####...<...#
########......#.....# #########
##.......#..>g.# #....[...#)oT.†#
#........#8@Og8#
#........###o#####
#.........().....#
#........#######.# #..........
##.......... ##.....#....
###########


You could see a troll, an orc warrior, an ogre, 2 gnoll sergeants and an orc.

Vanquished Creatures
  2 two-headed ogres (D:9)
  A troll (D:9)
  A hippogriff (D:9)
  Eustachio (D:5)
  A hungry ghost (D:9)
  Duvessa (D:5)
  4 phantoms
  4 orc warriors
  2 ice beasts
  2 sky beasts
  2 necrophages
  7 ogres
  7 centaurs
  3 big kobolds
  4 bullfrogs
  2 gnoll sergeants (D:9)
  Dowan (D:5)
  4 scorpions
  4 killer bees (D:7)
  A wight (D:5)
  2 bullfrog zombies
  3 crimson imps
  2 jellies
  3 hounds
  5 orc priests
  A quasit (D:7)
  8 orc wizards
  5 worker ants
  A centaur skeleton (D:5)
  2 iguanas
  3 hound skeletons
  A howler monkey zombie (D:7)
  9 adders
  4 gnolls (D:7)
  2 shadow imps (D:5)
  An ooze (D:4)
  2 adder zombies
  3 adder skeletons
  2 worms
  A dart slug (D:5)
  4 leopard geckos
  40 orcs
  3 giant cockroaches
  4 hobgoblins
  6 jackals
  6 kobolds
  6 quokkas
  2 ball pythons
  9 bats
  6 frilled lizards
  A giant cockroach zombie (D:5)
  7 goblins
  A leopard gecko skeleton (D:8)
  A quokka skeleton (D:8)
  A quokka zombie (D:7)
  13 rats
224 creatures vanquished.

Vanquished Creatures (others)
  An orc wizard (D:7)
1 creature vanquished.

Grand Total: 225 creatures vanquished

Notes
Turn   | Place    | Note
-------+----------+-------------------------------------------
     0 | D:1      | GlassEater the Minotaur Berserker began the quest for the Orb.
     0 | D:1      | Reached XP level 1. HP: 19/19 MP: 0/0
   468 | D:1      | Reached skill level 4 in Maces & Flails
   471 | D:1      | Reached XP level 2. HP: 13/27 MP: 1/1
  1303 | D:2      | Reached XP level 3. HP: 27/33 MP: 2/2
  1378 | D:2      | Reached ** piety under Trog
  1875 | D:2      | Found a glowing silver altar of Zin.
  1875 | D:2      | Found an opulent altar of Gozag.
  1881 | D:2      | Found a bloodstained altar of Trog.
  1883 | D:2      | Found a faded altar of an unknown god.
  1884 | D:2      | Found a faded altar of an unknown god.
  2368 | D:3      | Reached skill level 1 in Slings
  2415 | D:3      | Reached XP level 4. HP: 20/41 MP: 0/3
  2764 | D:3      | Reached skill level 5 in Maces & Flails
  2982 | D:3      | Reached XP level 5. HP: 47/47 MP: 4/4
  3485 | D:4      | Reached *** piety under Trog
  3485 | D:4      | Reached XP level 6. HP: 51/55 MP: 3/5
  3759 | D:4      | Reached skill level 5 in Fighting
  3759 | D:4      | Reached skill level 6 in Maces & Flails
  3902 | D:4      | Found a staircase to the Ecumenical Temple.
  3989 | D:4      | Reached XP level 7. HP: 28/61 MP: 3/6
  4369 | D:5      | Entered Level 5 of the Dungeon
  4373 | D:5      | Noticed Eustachio
  4421 | D:5      | Killed Eustachio
  4421 | D:5      | Reached skill level 7 in Maces & Flails
  4421 | D:5      | Reached skill level 5 in Armour
  4764 | D:5      | Reached XP level 8. HP: 70/70 MP: 7/7
  4988 | D:5      | Reached skill level 8 in Maces & Flails
  5230 | D:5      | Noticed Dowan
  5233 | D:5      | Noticed Duvessa
  5247 | D:5      | Killed Duvessa
  5250 | D:5      | Killed Dowan
  5353 | D:6      | Reached skill level 9 in Maces & Flails
  5385 | D:6      | Reached skill level 1 in Shields
  5408 | D:6      | Reached **** piety under Trog
  5563 | D:6      | Reached skill level 5 in Slings
  5563 | D:6      | Reached XP level 9. HP: 74/78 MP: 8/8
  6697 | D:7      | Reached skill level 10 in Maces & Flails
  6843 | D:7      | Received a gift from Trog
  7329 | D:7      | Reached skill level 11 in Maces & Flails
  7576 | D:8      | Got a brightly glowing lead ring
  7932 | D:8      | Identified the ring "Daun" {*Tele +Blink +Inv} (You found it on level 8 of the Dungeon)
  8158 | D:8      | Received a gift from Trog
  8331 | D:8      | Reached XP level 10. HP: 85/86 MP: 9/9
  8763 | D:9      | Noticed a two-headed ogre
  8771 | D:9      | Killed a two-headed ogre
  8947 | D:9      | Reached ***** piety under Trog
  8970 | D:9      | Reached skill level 5 in Shields
  8982 | D:9      | Noticed a two-headed ogre
  8993 | D:9      | Killed a two-headed ogre
  8993 | D:9      | Reached skill level 12 in Maces & Flails
  9117 | D:9      | Found a staircase to the Orcish Mines.
  9121 | D:9      | Received a gift from Trog
  9161 | D:9      | HP: 4/89 [troll (5)]
  9161 | D:9      | Slain by a troll

Vault maps used:
D:1:      dpeg_arrival_central
D:2:      chequers_temple_overflow_minitemple
D:3:      kennysheep_generic_room_14
D:4:      temple_statues
D:5:      first_bread, uniq_duvessa, uniq_eustachio
D:6:      minivault_27
D:7:      serial_glass, glass_columns_a, glass_columns_a, glass_columns_a,
          glass_columns_b, minmay_misc_feat_secret_circle
D:8:      blue_anna_alchemist
D:9:      kennysheep_orc_monster_closet_entryway, lightli_corner_chamber

Skill      XL: |  1  2  3  4  5  6  7  8  9 10 |
---------------+-------------------------------+-----
Maces & Flails | 4 5 6 7 9 11 12 | 12.5
Fighting       | 4 5 6 7 9 |  9.0
Slings         | 1 2 3 4 5 |  5.7
Armour         | 3 4 5 7 8 9 |  9.2
Dodging        | 3 4 |  4.1
Shields        | 1 4 5 |  5.8

Action                   |  1- 3 |  4- 6 |  7- 9 | 10-12 || total
-------------------------+-------+-------+-------+-------++-------
Melee: Mace              |    89 |    99 |   211 |       ||   399
       Headbutt          |     5 |    18 |    84 |    25 ||   132
       Flail             |       |       |   175 |   138 ||   313
 Fire: Hunting sling     |    32 |     5 |    25 |     7 ||    69
Invok: Berserk           |     1 |     1 |     6 |     2 ||    10
       Burn Spellbooks   |       |       |     1 |       ||     1
  Use: Scroll            |       |     7 |     3 |     4 ||    14
  Eat: Chunk             |     5 |     4 |    16 |     4 ||    29
       Meat ration       |       |     1 |       |       ||     1
       Fruit             |       |       |       |     2 ||     2
Armor: Leather armour    |    24 |     1 |       |       ||    25
       Chain mail        |       |    38 |   132 |       ||   170
       Plate armour      |       |       |    44 |    92 ||   136
Dodge: Dodged            |    69 |    56 |   136 |    63 ||   324
Block: Buckler           |       |       |   112 |    85 ||   197
       Reflection        |       |       |     5 |     1 ||     6
